 Dungeon Crawl Stone Soup version 0.27-a0-1196-g3e9cee4cb2 (webtiles) character file.

Game seed: 11621032148541091937

0 Shayle the Vexing (level 1, -2/13 HPs)
             Began as a Demonspawn Enchanter on May 28, 2021.
             Slain by a quokka (5 damage)
             ... on level 1 of the Dungeon.
             The game lasted 00:00:28 (33 turns).

Shayle the Vexing (Demonspawn Enchanter)              Turns: 33, Time: 00:00:28

Health: -2/13      AC:  2    Str:  8    XL:     1   Next: 8%
Magic:  3/3        EV: 12    Int: 16    God:
Gold:   0          SH:  0    Dex: 13    Spells: 3/4 levels left

rFire    . . .     SeeInvis .   a - +1 dagger
rCold    . . .     Faith    .   (no shield)
rNeg     . . .     Spirit   .   b - +0 robe
rPois    .         Reflect  .   (no helmet)
rElec    .         Harm     .   (no cloak)
rCorr    .         Rampage  .   (no gloves)
Will     .....                  (no boots)
Stlth    ++........             (no amulet)
HPRegen  0.04/turn              (no ring)
MPRegen  0.08/turn              (no ring)

@: no status effects
A: no striking features
a: no special abilities


You were on level 1 of the Dungeon.
You visited 1 branch of the dungeon, and saw 1 of its levels.

Inventory:

Hand Weapons
 a - a +1 dagger (weapon)
Armour
 b - a +0 robe (worn)


   Skills:
 - Level 0.8 Short Blades
 + Level 1.8 Dodging
 - Level 2.6 Stealth
 - Level 2.0 Spellcasting
 - Level 3.0 Hexes


You had 3 spell levels left.
You knew the following spells:

 Your Spells              Type           Power      Damage    Failure   Level
a - Corona                Hex            12%        N/A       6%          1

Your spell library contained the following spells:

 Spells                   Type           Power      Damage    Failure   Level
 Ensorcelled Hibernation  Hex/Ice        12%        N/A       17%         2
 Confusing Touch          Hex            11%        N/A       19%         3
 Tukima's Dance           Hex            11%        N/A       19%         3
 Dazzling Flash           Conj/Hex       12%        N/A       32%         3


Dungeon Overview and Level Annotations

Branches:
Dungeon (1/15)

Altars:


Message History

The kobold hits you with a +0 dagger.
You barely miss the kobold. The kobold misses you.
Unknown command.
You closely miss the kobold.
Unknown command.
You hit the kobold but do no damage. The kobold hits you but does no damage.
A goblin comes into view. It is wielding a +0 dagger.
You barely miss the kobold. The kobold hits you with a +0 dagger.
Casting: Corona (safe; 6% risk of failure)
Confirm with . or Enter, or press ? or * to list all spells.
Aiming: Corona (safe; 6% risk of failure)
Press: ? - help, Shift-Dir - straight line, f - kobold
Aim: a kobold, wielding a +0 dagger (chance to affect: 64%)
The kobold is outlined in light.
The kobold hits you but does no damage.
There are no items here.
You hit the kobold but do no damage. The kobold hits you but does no damage.
You hit the kobold.
The kobold is severely wounded.
The kobold hits you with a +0 dagger.
A hobgoblin comes into view.
The hobgoblin shouts!
Found a hunting sling and a leather armour.
You hit the kobold.
You kill the kobold!
An endoplasm comes into view.
The bat closely misses you. The bat hits you but does no damage.
The bat hits you.
Found a stone staircase leading down.
The bat hits you.
A quokka comes into view.
The bat closely misses you.
You see here a +0 leather armour.
A ball python comes into view.
The hobgoblin hits you. The bat barely misses you. The bat misses you.
The bat hits you.
* * * LOW HITPOINT WARNING * * *
The bat barely misses you. The quokka bites you.
You die...

...####..#######.
.###..........)..#.
...#........####.#.
#..........# #.#.
#........####.g. ######
#J..............
...S..###g.)............
.......bg.g[....##''##..
.......@r.......#....#..
........#########.88.###
........# #....#
......#.# #...<#
......#.. ######
......### ..... #####


You could see an endoplasm, a quokka, 2 hobgoblins, a goblin, a bat and a ball
python (asleep).

Vanquished Creatures
  A kobold (D:1)
1 creature vanquished.

Notes
Turn   | Place    | Note
-------+----------+-------------------------------------------
     0 | D:1      | Shayle the Demonspawn Enchanter began the quest for the
                  | Orb.
     0 | D:1      | Reached XP level 1. HP: 13/13 MP: 3/3
    33 | D:1      | Slain by a quokka

Illustrated notes

Levels and vault maps discovered:
D:1:      sevenhm_arrival_forest_fort_small_6, layout_rooms, serial_shops, shop,
          chequers_big_river

Action                   || total
-------------------------++-------
Melee: Dagger            ||     7
 Cast: Corona            ||     1
Armor: Robe              ||     4
Dodge: Dodged            ||     6

Table legend: (Time is in decaauts)
 A = Elapsed time spent in this place.
 B = Non-inter-level travel time spent in this place.
 C = Inter-level travel time spent in this place.
 D = Time resting spent in this place.
 E = Time spent auto-exploring this place.
 F = Levels seen in this place.
 G = Mean time per level.
                   A        B        C        D        E       F      G
               +--------+--------+--------+--------+--------+-----+--------+
         Total |     32 |     32 |      0 |      0 |      4 |   1 |   32.0 |
       Dungeon |     32 |     32 |      0 |      0 |      4 |   1 |   32.0 |
               +--------+--------+--------+--------+--------+-----+--------+

Top non-repeatable levels by time:
     D:1: 32 daAuts
